 Dungeon Crawl Stone Soup version 0.20-a0-945-g3bf614a (webtiles) character file.

249 nikopol the Skirmisher (level 6, -1/58 HPs)
             Began as a Gargoyle Berserker on Apr 1, 2017.
             Was a Believer of Trog.
             Slain by a wight
             ... wielding a +5 dire flail
              (13 damage)
             ... on level 3 of the Dungeon.
             The game lasted 00:02:44 (1462 turns).

nikopol the Skirmisher (Gargoyle Berserker)         Turns: 1462, Time: 00:02:44

Health: -1/58      AC: 11    Str: 25    XL:     6   Next: 12%
Magic:  6/6        EV: 12    Int:  8    God:    Trog [**....]
Gold:   72         SH:  0    Dex: 11    Spells: 5/5 levels left

rFire    . . .     SeeInvis .   a - +0 hand axe
rCold    . . .     Gourm    .   (no shield)
rNeg     + . .     Faith    .   k - +0 ring mail
rPois    ∞         Spirit   .   (no helmet)
rElec    +         Reflect  .   t - +0 cloak (curse)
rCorr    .         Harm     .   (no gloves)
MR       .....                  (no boots)
Stlth    ..........             (no amulet)
Regen    0.2/turn               (no ring)
MPRegen  0.1/turn               (no ring)

@: berserking, very quick
A: negative energy resistance 1, electricity resistance, unbreathing,
petrification resistance, rot immunity, AC +4
a: Berserk, Trog's Hand, Burn Spellbooks, Renounce Religion


You were on level 3 of the Dungeon.
You worshipped Trog.
Trog was pleased with you.
You were hungry.

You visited 1 branch of the dungeon, and saw 3 of its levels.

You collected 72 gold pieces.

Inventory:

Hand Weapons
 a - a +0 hand axe (weapon)
Missiles
 e - 66 arrows (quivered)
Armour
 b - a +0 animal skin
 k - a +0 ring mail (worn)
 t - a cursed +0 cloak (worn)
Jewellery
 n - an uncursed ring of see invisible {unknown}
Scrolls
 f - a scroll of recharging {unknown}
 j - 2 scrolls of remove curse {unknown}
 m - 5 scrolls of magic mapping {unknown}
 q - a scroll of immolation {unknown}
 r - 2 scrolls of identify {unknown}
 u - a scroll of amnesia {unknown}
 v - a scroll of teleportation {unknown}
Potions
 g - a potion of mutation {unknown}
 h - 2 potions of curing {unknown}
 i - a potion of haste {unknown}
 l - a potion of heal wounds {unknown}
 o - a potion of flight {unknown}
Comestibles
 c - 2 bread rations
 d - a royal jelly
 p - a meat ration
 s - 2 chunks of flesh


   Skills:
 + Level 4.6 Fighting
 + Level 3.7 Axes
 + Level 3.9 Armour
 + Level 2.7 Dodging


You had 5 spell levels left.
You didn't know any spells.

Dungeon Overview and Level Annotations

Branches:
Dungeon (3/15)

Altars:
Elyvilon
Hepliaklqana
Okawaru
Wu Jian


Innate Abilities, Weirdness & Mutations

You are resistant to torment.
Your stone body is resilient. (AC +4)
You are immune to poison.
You resist negative energy. (rN+)
You are resistant to electric shocks. (rElec)
You can survive without breathing.
You are immune to petrification.
You are immune to rotting.


Message History

You hit the wight but do no damage. You slash the wight!
You destroy the wight!
Trog accepts your kill.
You have reached level 6!
Your experience leads to an increase in your attributes!
Your base attributes are Str 20, Int 8, Dex 10.
Increase (S)trength, (I)ntelligence, or (D)exterity?
You feel agile.
You barely miss the wight. The wight barely misses you.
You closely miss the wight.
The wight is moderately damaged.
The wight hits you with an enchanted dire flail.
* * * LOW HITPOINT WARNING * * *
You hit the wight.
The wight is heavily damaged.
You slash the wight!
The wight is almost destroyed.
The wight hits you with an enchanted dire flail!
You die...

# ... ##.
###.### #
$..#.....#.#
#.#..>..#.#
...$.....##
#.....#..#
#.)z).#..#
#.###@###..#
#..).......#
##.###.....#
#........##
#####...##
##.## ≈♣#
#.# ≈≈♣.#
#.# ≈≈≈.##.
#.#


You could see a wight.

Vanquished Creatures
  An ogre (D:3)
  2 wights (D:3)
  2 adders (D:2)
  2 worms (D:2)
  4 leopard geckos
  An orc (D:3)
  3 giant cockroaches
  10 goblins
  10 hobgoblins
  A quokka (D:2)
  4 bats
  4 frilled lizards
  7 kobolds
  4 rats
  A plant (D:3)
56 creatures vanquished.

Notes
Turn   | Place    | Note
-------+----------+-------------------------------------------
     0 | D:1      | nikopol the Gargoyle Berserker began the quest for the Orb.
     0 | D:1      | Reached XP level 1. HP: 14/14 MP: 1/1
   204 | D:1      | Reached XP level 2. HP: 15/19 MP: 2/2
   644 | D:2      | Reached XP level 3. HP: 21/24 MP: 3/3
   748 | D:2      | Found a white marble altar of Elyvilon.
   755 | D:2      | Found an iron altar of Okawaru.
   755 | D:2      | Found a hazy altar of Hepliaklqana.
   758 | D:2      | Found an ornate altar of the Wu Jian Council.
   789 | D:2      | Reached ** piety under Trog
   833 | D:2      | Reached skill level 4 in Fighting
   894 | D:2      | Reached XP level 4. HP: 28/29 MP: 4/4
  1243 | D:3      | Noticed an ogre
  1251 | D:3      | Killed an ogre
  1251 | D:3      | Reached XP level 5. HP: 33/34 MP: 5/5
  1459 | D:3      | Reached XP level 6. HP: 17/39 MP: 6/6
  1462 | D:3      | Slain by a wight

Vault maps used:
D:1:      dpeg_arrival_court
D:2:      grunt_temple_overflow_open
D:3:      serial_bayou_ford_a, st_stairs_3

Skill      XL: |  1  2  3  4 |
---------------+-------------+-----
Axes           | 3 |  3.7
Fighting       | 4 |  4.6
Dodging        | 2 |  2.7
Armour         | 3 |  3.9

Action                   |  1- 3 |  4- 6 || total
-------------------------+-------+-------++-------
Melee: Hand axe          |   103 |   117 ||   220
Invok: Berserk           |       |     2 ||     2
  Eat: Chunk             |       |     3 ||     3
Armor: Animal skin       |     6 |       ||     6
       Ring mail         |    42 |    29 ||    71
Dodge: Dodged            |    77 |    73 ||   150
